 Dungeon Crawl Stone Soup version 0.28-a0-973-ga7f8b01127 (webtiles) character file.

Game seed: 4574104511084374460

1 Goblin1989 the Sneak (level 1, -2/18 HPs)
             Began as a Demonspawn Delver on Dec 2, 2021.
             Slain by an orc (4 damage)
             ... on level 3 of the Dungeon.
             The game lasted 00:01:39 (379 turns).

Goblin1989 the Sneak (Demonspawn Delver)             Turns: 379, Time: 00:01:40

Health: -2/18      AC:  3    Str: 12    XL:     1   Next: 16%
Magic:  1/1        EV: 11    Int: 11    God:
Gold:   28         SH:  0    Dex: 14    Spells: 0/0 levels left

rFire   . . .      SeeInvis .   a - +0 short sword
rCold   . . .      Faith    .   (no shield)
rNeg    . . .      Spirit   .   b - +0 leather armour
rPois   .          Reflect  .   (no helmet)
rElec   .          Harm     .   (no cloak)
rCorr   .          Rampage  .   (no gloves)
Will    .....                   (no boots)
Stlth   ++........              (no amulet)
HPRegen 0.06/turn               (no ring)
MPRegen 0.07/turn               (no ring)

@: hasted, very quick
A: no striking features
a: no special abilities


You were on level 3 of the Dungeon.
You visited 1 branch of the dungeon, and saw 3 of its levels.

You collected 28 gold pieces.

Inventory:

Hand Weapons
 a - a +0 short sword (weapon)
Armour
 b - a +0 leather armour (worn)
Wands
 g - a wand of digging (3) {@v1}
Scrolls
 c - a scroll of fog
 M - a scroll of magic mapping
 N - a scroll of noise {unknown}


   Skills:
 - Level 3.0 Fighting
 + Level 1.9 Short Blades
 - Level 1.7 Dodging
 - Level 4.5 Stealth


You couldn't memorise any spells.
You didn't know any spells.
Your spell library was empty.

Dungeon Overview and Level Annotations

Branches:
Dungeon (5/15)
 Temple: D:4-7

Altars:


Message History

You become a guardian mummy!
Welcome, Goblin1989 the Demonspawn Delver.
They say the Orb of Zot lies within this dungeon, but they say a lot of things.
Press ? for a list of commands and other information.
Found 16 gold pieces and 16 sling bullets.
Found a stone staircase leading down.
Found 12 gold pieces.
You now have 16 gold pieces.
You now have 28 gold pieces (gained 12).
Found a stone staircase leading up.
There is a stone staircase leading up here.
You climb upwards.
Found a stone staircase leading up.
There is a stone staircase leading down here.
The helpless endoplasm fails to defend itself.
You puncture the endoplasm!
You kill the endoplasm!
There is a stone staircase leading up here.
You climb upwards.
Found a scroll labelled GATOPSEUTH.
There is a stone staircase leading down here.
N - a scroll labelled GATOPSEUTH
Found a scroll labelled QOLINW WAPHIRCH.
An orc comes into view. It is wielding a +0 dagger.
An orc comes into view. It is wielding a +0 short sword.
An orc comes into view. It is wielding a +0 hand axe.
The orc shouts!
The orc moves out of view.
Found 14 stones.
Found 8 gold pieces.
You closely miss the orc. The orc hits you with a +0 short sword.
You take 6 damage, and have 12/18 hp.
MASSIVE DAMAGE!!
You hit the orc.
The orc is lightly wounded.
The orc hits you with a +0 short sword.
* * * LOW HITPOINT WARNING * * *
You take 4 damage, and have 8/18 hp.
MASSIVE DAMAGE!!
You closely miss the orc.
The orc is lightly wounded.
The orc barely misses you.
You hit the orc but do no damage.
The orc is lightly wounded.
The orc hits you but does no damage.
You closely miss the orc. The orc hits you with a +0 short sword.
* * * LOW HITPOINT WARNING * * *
You take 2 damage, and have 6/18 hp.
You hit the orc.
The orc is lightly wounded.
The orc closely misses you.
You hit the orc but do no damage.
The orc is lightly wounded.
The orc hits you with a +0 short sword.
* * * LOW HITPOINT WARNING * * *
You take 3 damage, and have 3/18 hp.
Unknown command.
As you read the scroll of fear, it crumbles to dust.
You assume a fearsome visage.
The orc looks frightened!
There is a stone staircase leading down here.
You can't go up here!
You climb downwards.
There is a stone staircase leading up here.
You start resting.
HP restored.
Health restored: 18 You climb upwards.
There is a stone staircase leading down here.
You feel yourself speed up. The orc hits you with a +0 short sword.
An orc priest comes into view. It is wielding a +0 war axe.
You take 5 damage, and have 13/18 hp.
MASSIVE DAMAGE!!
The orc priest shouts!
You hit the orc but do no damage. The orc barely misses you.
The orc shouts!
You hit the orc but do no damage.
You hear a shout!
You barely miss the orc. The orc closely misses you.
The orc priest calls down the wrath of Beogh upon you.
Beogh smites you!
Ouch! That really hurt!
* * * LOW HITPOINT WARNING * * *
You take 11 damage, and have 2/18 hp.
MASSIVE DAMAGE!!
You hit the orc but do no damage. The orc barely misses you.
The orc shouts!
You hit the orc but do no damage. You hit the orc but do no damage.
The orc hits you with a +0 short sword.
You die...

♣≈♣≈≈≈ █. PPP≈≈≈
.. █≈P≈≈ █. █≈≈≈
█. ████.♣♣ ♣ █.
█...>.♣♣≈█ █.
█........█
███o█████.......██
█..o.o.o@.......█
█?..████........█
.8.8... █........█
.o..... █........█
o█.o█.█ █.████████
...... █.█
█████...$...█
████.██.. █ █.██


You could see an orc priest and 3 orcs.

Vanquished Creatures
  An endoplasm (D:4)
1 creature vanquished.

Vanquished Creatures (others)
  A plant (D:3)
1 creature vanquished.

Grand Total: 2 creatures vanquished

Notes
Turn   | Place    | Note
-------+----------+-------------------------------------------
     0 | D:5      | Goblin1989 the Demonspawn Delver began the quest for the
                  | Orb.
     0 | D:5      | Reached XP level 1. HP: 18/18 MP: 1/1
   373 | D:3      | Noticed an orc priest
   379 | D:3      | Slain by an orc

Illustrated notes

Levels and vault maps discovered:
D:3:      layout_loops_cross, tgw_sif, mainiacjoe_overflow_24_doors,
          dreamdust_ecumenical_altar_angels_and_demons,
          ebering_dispersal_statue_hall, kennysheep_nondescript,
          serial_bayou_lake_a, uniq_robin
D:4:      layout_loops_cross, serial_shops, shop_fountains,
          chequers_serial_rivers_room_a, uniq_grinder, uniq_ijyb
D:5:      layout_basic, grunt_temple_overflow_order_and_chaos_2,
          mainiacjoe_overflow_tiny_flanked, minmay_strange_pillars,
          nicolae_shop_gadgets, uniq_sigmund

Action                   || total
-------------------------++-------
Melee: Short sword       ||    14
  Use: Scroll            ||     1
       Potion            ||     1
 Stab: Sleeping          ||     1
Armor: Leather armour    ||     1
Dodge: Dodged            ||     5

Table legend: (Time is in decaauts)
 A = Elapsed time spent in this place.
 B = Non-inter-level travel time spent in this place.
 C = Inter-level travel time spent in this place.
 D = Time resting spent in this place.
 E = Time spent auto-exploring this place.
 F = Levels seen in this place.
 G = Mean time per level.
                   A        B        C        D        E       F      G
               +--------+--------+--------+--------+--------+-----+--------+
         Total |    377 |    377 |      0 |    224 |      0 |   3 |  125.7 |
       Dungeon |    377 |    377 |      0 |    224 |      0 |   3 |  125.7 |
               +--------+--------+--------+--------+--------+-----+--------+

Top non-repeatable levels by time:
     D:4: 233 daAuts
     D:5: 93 daAuts
     D:3: 51 daAuts
